 Dungeon Crawl Stone Soup version 0.17-a0-2073-gde5cdba (webtiles) character file.

6234 st0uf the Thaumaturge (level 10, -1/63 HPs)
             Began as a Mummy Wizard on Oct 14, 2015.
             Was a Follower of Sif Muna.
             Slain by a warg (15 damage)
             ... on level 2 of the Orcish Mines.
             The game lasted 02:05:18 (15244 turns).

st0uf the Thaumaturge (Mummy Wizard)               Turns: 15244, Time: 02:05:18

Health: -1/63      AC: 11    Str: 10    XL:     10   Next: 62%
Magic:  1/23       EV: 12    Int: 21    God:    Sif Muna [*.....]
Gold:   927        SH:  0    Dex: 11    Spells: 7 memorised, 12 levels left

rFire  x . .     SeeInvis .     C - +1 flail (protect)
rCold  + + +     Clarity  .     j - +1 robe {rC+}
rNeg   + + +     SustAt   .     (no shield)
rPois  ∞         Gourm    .     f - +2 helmet
rElec  .         Spirit   .     (no cloak)
rCorr  .         Warding  .     (no gloves)
rMut   .         Stasis   .     (no boots)
MR     +....                    (no amulet)
Stlth  ++........               (no ring)
                                h - ring of protection from cold

@: somewhat resistant to hostile enchantments, unstealthy
A: no food or potions, fire vulnerability, cold resistance 1, negative energy
resistance 3, torment resistance, unbreathing
a: Channel Energy, Renounce Religion


You were on level 2 of the Orcish Mines.
You worshipped Sif Muna.
Sif Muna was aware of your devotion.
You were not hungry.

You visited 3 branches of the dungeon, and saw 12 of its levels.

You collected 927 gold pieces.

Inventory:

Hand Weapons
 C - a +1 flail of protection (weapon)
Armour
 a - a +0 robe
 b - a +0 hat
 f - a +2 helmet (worn)
 j - a +1 robe of cold resistance (worn)
 v - a +0 buckler
Jewellery
 h - a ring of protection from cold (left hand)
Wands
 o - a wand of frost (22)
 q - a wand of enslavement (9)
 r - a wand of random effects (24)
 z - a wand of polymorph (8)
 A - a wand of fireball (1)
Scrolls
 d - 9 scrolls of identify
 e - a scroll of fear {unknown}
 g - 9 scrolls of teleportation {unknown}
 i - 2 scrolls of fog {unknown}
 k - 2 scrolls of remove curse
 l - 2 scrolls of enchant weapon {unknown}
 m - 5 scrolls of recharging {unknown}
 n - 6 scrolls of noise {unknown}
 p - 2 scrolls of torment {unknown}
 s - a scroll of immolation {unknown}
 u - 2 scrolls of amnesia {unknown}
 x - 3 scrolls of magic mapping {unknown}
 y - a scroll of holy word {unknown}
 B - a scroll of blinking {unknown}
Books
 c - a book of Minor Magic

   Spells                             Type                      Level
   a - Magic Dart                     Conjuration                  1
   b - Blink                          Translocation                2
   c - Call Imp                       Summoning                    2
   d - Repel Missiles                 Charms/Air                   2
   e - Slow                           Hexes                        2
   f - Conjure Flame                  Conjuration/Fire             3
   g - Mephitic Cloud                 Conjuration/Poison/Air       3


   Skills:
 - Level 1.5 Dodging
 - Level 1.5 Stealth
 + Level 6.2 Shields
 - Level 9.1 Spellcasting
 - Level 7.7 Conjurations
 - Level 0.7 Summonings
 - Level 0.7 Translocations
 - Level 5.1 Invocations


You had 12 spell levels left.
You knew the following spells:

 Your Spells              Type           Power        Failure   Level  Hunger
a - Magic Dart            Conj           ####         1%          1    N/A
b - Mephitic Cloud        Conj/Pois/Air  ###.....     10%         3    N/A
c - Conjure Flame         Conj/Fire      ####....     4%          3    N/A
d - Blink                 Tloc           N/A          10%         2    N/A
e - Slow                  Hex            #.......     12%         2    N/A
f - Repel Missiles        Chrm/Air       #.....       12%         2    N/A
g - Call Imp              Summ           ##......     10%         2    N/A

Dungeon Overview and Level Annotations

Branches:
Dungeon (9/15)             Temple (1/1) D:7             Orc (2/4) D:9
   Lair: D:8-11

Altars:
Ashenzari
Cheibriados
Dithmenos
Elyvilon
Gozag
Kikubaaqudgha
Makhleb
Nemelex Xobeh
Okawaru
Qazlal
Ru
Sif Muna
Trog
Vehumet
Xom
Yredelemnul
Zin
The Shining One
Beogh

Annotations:
D:8 Aelig's ghost, novice TrWr


Innate Abilities, Weirdness & Mutations

You do not eat or drink.
Your flesh is vulnerable to fire.
You are immune to poison.
Your flesh is cold resistant.
You are immune to negative energy.
You are immune to unholy pain and torment.
You can survive without breathing.


Message History

Casting: Magic Dart
Confirm with . or Enter, or press ? or * to list all spells.
You blink.
Casting: Blink
Confirm with . or Enter, or press ? or * to list all spells.
Aiming: Magic Dart
Press: ? - help, Shift-Dir - straight line, f/p - warg
Aim: a warg (severely wounded)
The magic dart hits the warg.
The warg is severely wounded.
Casting: Magic Dart
Confirm with . or Enter, or press ? or * to list all spells.
You blink.
You enter the shallow water.
Moving in this stuff is going to be slow.
The warg bites you!
* * * LOW HITPOINT WARNING * * *
Your magical contamination has completely faded away.
The warg bites you!
You die...

.#...............#...#
..................#.##
#...#...............##
.....................#
≈≈≈≈≈≈≈≈≈≈≈≈≈≈≈≈....##
≈##############≈.....#
≈ ..#..#.. #≈.....#
.#..#. #≈..#.## h..'
#≈@#### ≈ #oo# #≈h# ≈
#..# #≈[#
≈######''######))#
≈≈≈≈≈≈≈..≈≈≈≈≈)≈.#
..))..o..o...o.).#
...o##############
)..§§.# ..§.o..#


You could see a warg and an orc warrior.

Vanquished Creatures
  Joseph (D:9)
  A trapdoor spider zombie (D:9)
  A spriggan (D:7)
  A two-headed ogre (D:9)
  A hungry ghost (D:7)
  2 hippogriffs (D:9)
  3 wargs (Orc:2)
  3 ice beasts
  A wasp (D:7)
  10 orc warriors
  A necrophage (D:6)
  4 ogres
  A black bear (D:9)
  2 sky beasts
  A centaur (D:5)
  A phantom (D:9)
  A big kobold (D:7)
  3 giant frogs
  2 wyvern skeletons
  A water moccasin zombie (D:7)
  5 killer bees (D:7)
  3 wights (D:6)
  4 crimson imps
  15 orc priests
  A giant frog skeleton (D:5)
  8 hounds
  2 jellies
  A giant frog zombie (D:6)
  16 orc wizards
  2 iguanas
  5 worker ants
  2 hound skeletons
  2 worker ant zombies
  3 gnolls (D:8)
  11 adders
  A shadow imp (D:6)
  2 oozes
  An adder skeleton (D:6)
  A worm (D:2)
  2 giant geckos
  68 orcs
  7 bats
  7 giant cockroaches
  8 goblins
  12 hobgoblins
  5 jackals
  6 quokkas
  2 ball pythons (D:2)
  11 giant newts
  13 kobolds
  A quokka skeleton (D:7)
  10 rats
278 creatures vanquished.

Vanquished Creatures (collateral kills)
  An orc (Orc:2)
1 creature vanquished.

Grand Total: 279 creatures vanquished

Notes
Turn   | Place    | Note
--------------------------------------------------------------
     0 | D:1      | st0uf the Mummy Wizard began the quest for the Orb.
     0 | D:1      | Reached XP level 1. HP: 13/13 MP: 4/4
   109 | D:1      | Reached skill level 1 in Conjurations
   273 | D:1      | Reached XP level 2. HP: 7/19 MP: 1/6
   850 | D:1      | Reached XP level 3. HP: 24/24 MP: 5/8
  2143 | D:2      | Reached XP level 4. HP: 30/30 MP: 5/9
  2660 | D:3      | Reached skill level 4 in Spellcasting
  2831 | D:3      | Reached XP level 5. HP: 19/35 MP: 3/11
  3498 | D:3      | Found a white marble altar of Elyvilon.
  4049 | D:3      | Found an ancient bone altar of Kikubaaqudgha.
  4061 | D:3      | Found a burning altar of Makhleb.
  4614 | D:4      | Found a basalt altar of Yredelemnul.
  4845 | D:4      | Reached XP level 6. HP: 31/41 MP: 4/13
  5013 | D:5      | Entered Level 5 of the Dungeon
  5066 | D:4      | Learned a level 3 spell: Mephitic Cloud
  5365 | D:5      | Reached skill level 5 in Spellcasting
  5966 | D:5      | Got a brightly glowing chain mail
  5967 | D:5      | Identified the cursed +0 chain mail of the Known World {MR- Int+9 Stlth-} (You found it on level 5 of the Dungeon)
  6001 | D:5      | Reached XP level 7. HP: 33/46 MP: 8/15
  6415 | D:5      | Reached skill level 6 in Spellcasting
  6719 | D:6      | Reached skill level 5 in Conjurations
  6876 | D:6      | Learned a level 3 spell: Conjure Flame
  6879 | D:6      | Learned a level 2 spell: Blink
  6882 | D:6      | Learned a level 2 spell: Slow
  6885 | D:6      | Learned a level 2 spell: Repel Missiles
  6888 | D:6      | Learned a level 2 spell: Call Imp
  7486 | D:6      | Reached XP level 8. HP: 52/52 MP: 9/18
  7686 | D:6      | Reached skill level 7 in Spellcasting
  9507 | D:7      | Found a staircase to the Ecumenical Temple.
  9527 | Temple   | Entered the Ecumenical Temple
  9561 | Temple   | Became a worshipper of Sif Muna the Loreminder
 10264 | D:7      | Reached XP level 9. HP: 54/57 MP: 14/20
 11016 | D:7      | Reached skill level 5 in Invocations
 11363 | D:8      | Reached skill level 8 in Spellcasting
 11390 | D:8      | Noticed Aelig's ghost (novice TrWr)
 12617 | D:8      | Found a bloodstained altar of Trog.
 12826 | D:7      | Reached * piety under Sif Muna
 13076 | D:9      | Found an opulent altar of Gozag.
 13133 | D:9      | Reached skill level 9 in Spellcasting
 13288 | D:9      | Found a shattered altar of Ashenzari.
 13494 | D:9      | Found a staircase to the Orcish Mines.
 13519 | D:9      | Found a roughly hewn altar of Beogh.
 13529 | D:9      | Reached skill level 1 in Shields
 13529 | D:9      | Reached XP level 10. HP: 54/63 MP: 3/23
 13771 | D:9      | Noticed Joseph
 13780 | D:9      | Killed Joseph
 14229 | Orc:1    | Entered Level 1 of the Orcish Mines
 14973 | Orc:2    | Reached skill level 5 in Shields
 15173 | Orc:2    | Noticed an orc knight
 15244 | Orc:2    | Slain by a warg

Vault maps used:
D:1:      sevenhm_arrival_forest_fort_small_6, st_stairs_4, minivault_5,
          minmay_surrounded
D:2:      first_bread, minmay_misc_feat_nine_boxes
D:3:      elyvilon_altar_3, amethyst_overflow_temple_binary
D:4:      yredelemnul_altar_generic
D:5:      kennysheep_cluttered_room, hangedman_abyss_or_decor_passed
D:7:      minmay_temple_entry_trees, the_bakery, minivault_19
D:8:      lemuel_coloured_pillars_altar, old_standard_altar,
          hangedman_decor_growths
D:9:      grunt_gozag_statues, nicolae_ashenzari_panopticon,
          minmay_orc_entry_temple_small, uniq_joseph
Temple:   triangle_lava_temple_11
Orc:1:    serial_shops, shop_statue
Orc:2:    basic_altar, nooodl_orcs_dogs

Action                   |  1- 3 |  4- 6 |  7- 9 | 10-12 || total
-------------------------+-------+-------+-------+-------++-------
Melee: Unarmed           |    28 |    47 |    21 |       ||    96
       Morningstar       |       |       |    23 |       ||    23
 Cast: Magic Dart        |   107 |   179 |   424 |   160 ||   870
       Mephitic Cloud    |       |    11 |    62 |    58 ||   131
       Conjure Flame     |       |       |    50 |    29 ||    79
       Call Imp          |       |       |     7 |       ||     7
       Blink             |       |       |     3 |     6 ||     9
Invok: Channel Energy    |       |       |    47 |   178 ||   225
  Use: Scroll            |       |     1 |     1 |       ||     2
 Stab: Confused          |       |     7 |     3 |       ||    10
